 Dungeon Crawl Stone Soup version 0.27-a0-531-gb72ec1a1b6 (webtiles) character file.

Game seed: 17745149188337038049

53 jasper the Grave Robber (level 3, -4/24 HPs)
             Began as a Demonspawn Necromancer on Mar 5, 2021.
             Slain by an orc warrior
             ... wielding a +0 mace
              (18 damage)
             ... on level 1 of the Dungeon.
             The game lasted 00:02:37 (1610 turns).

jasper the Grave Robber (Demonspawn Necromancer)    Turns: 1610, Time: 00:02:38

Health: -4/24      AC:  3    Str:  8    XL:     3   Next: 64%
Magic:  6/6        EV: 12    Int: 17    God:
Gold:   29         SH:  0    Dex: 13    Spells: 4/6 levels left

rFire    . . .     SeeInvis .   b - +0 whip
rCold    . . .     Faith    .   (no shield)
rNeg     . . .     Spirit   .   a - +0 robe
rPois    .         Reflect  .   (helmet restricted)
rElec    .         Harm     .   (no cloak)
rCorr    .         Rampage  .   (no gloves)
Will     .....                  f - +0 pair of boots
Stlth    ++........             (no amulet)
HPRegen  0.08/turn              (no ring)
MPRegen  0.10/turn              (no ring)

@: no status effects
A: horns 1, sturdy frame 1
a: no special abilities


You were on level 1 of the Dungeon.
You visited 1 branch of the dungeon, and saw 2 of its levels.

You collected 29 gold pieces.

Inventory:

Hand Weapons
 b - a +0 whip (weapon)
Armour
 a - a +0 robe (worn)
 f - a +0 pair of boots (worn)
Scrolls
 e - a scroll of immolation {unknown}
Potions
 c - a potion of brilliance {unknown}
 d - a potion of berserk rage


   Skills:
 - Level 1.7 Dodging
 - Level 1.7 Stealth
 - Level 2.0 Spellcasting
 + Level 5.9 Necromancy


You had 4 spell levels left.
You knew the following spells:

 Your Spells              Type           Power      Damage    Failure   Level
a - Pain                  Necr           88%        1d8       1%          1
b - Animate Skeleton      Necr           44%        N/A       1%          1

Your spell library contained the following spells:

 Spells                   Type           Power      Damage    Failure   Level
 Vampiric Draining        Necr           11%        2d7       4%          3
 Animate Dead             Necr           11%        N/A       17%         4
 Agony                    Necr           22%        N/A       43%         5


Dungeon Overview and Level Annotations

Branches:
Dungeon (2/15)

Altars:

Annotations:
D:2 Natasha


Innate Abilities, Weirdness & Mutations

You have a pair of small horns on your head.
Your movements are slightly less encumbered by armour. (ER -2)


Message History

You feel a strong urge to attack something.
You feel your anger nearly subside.
You are no longer berserk.
You are exhausted.
You feel yourself slow down.
You now have 8/24 hp.
There is a stone staircase leading down here.
You start resting.
You feel yourself speed up.
You regained 2 hp, and now have 10/24 hp.
You regained 2 mp, and now have 4/6 mp.
You start resting.
You recover from your berserk rage.
You start resting.
Magic restored.
MP restored: 6 You start resting.
HP restored.
Health restored: 24 You climb downwards.
Level annotation: Natasha A leopard gecko comes into view.
The jackal closely misses you. The jackal completely misses you.
The jackal closely misses you.
A kobold comes into view. It is wielding a +0 dagger.
The jackal bites you but does no damage.
The jackal completely misses you.
There is a stone staircase leading up here.
The jackal bites you but does no damage.
The jackal closely misses you. The jackal bites you.
The orc warrior hits you with a +0 mace!
The jackal bites you.
You climb upwards.
There is a stone staircase leading down here.
You take 9 damage, and have 15/24 hp.
MASSIVE DAMAGE!!
The jackal bites you.
The orc warrior hits you but does no damage.
You take 1 damage, and have 14/24 hp.
The orc warrior hits you with a +0 mace!!
Ouch! That really hurt!
You die...

#..##.#..........# #....
#........'######## #....
###.#####'#### #....
#..........# #....
##.........# #########....
#......h..# #......#####.
#.......h.####......#####.
###...>.o...........'.....
#..(..#@#.........######
#.....#[#.........#
#...###.#.....#####
###.....####### #########
#)##### ........####.#
.............#
.........##############
............#.........#


You could see an orc warrior and 2 jackals.

Vanquished Creatures
  An orc wizard (D:1)
  2 dart slugs (D:1)
  2 leopard geckos (D:1)
  4 bats (D:1)
  2 giant cockroaches
  A hobgoblin (D:1)
  A jackal (D:1)
  3 kobolds (D:1)
  4 frilled lizards (D:1)
  A goblin (D:1)
  3 rats
24 creatures vanquished.

Notes
Turn   | Place    | Note
-------+----------+-------------------------------------------
     0 | D:1      | jasper the Demonspawn Necromancer began the quest for the
                  | Orb.
     0 | D:1      | Reached XP level 1. HP: 13/13 MP: 3/3
     1 | D:1      | Noticed an electric eel
   465 | D:1      | Gained mutation: Your movements are slightly less
                  | encumbered by armour. (ER -2) [demonic ancestry]
   465 | D:1      | Reached XP level 2. HP: 9/19 MP: 0/5
   646 | D:1      | Reached skill level 5 in Necromancy
  1002 | D:1      | Learned a level 1 spell: Animate Skeleton
  1395 | D:2      | Noticed an orc warrior
  1399 | D:2      | Noticed Natasha
  1410 | D:1      | Gained mutation: You have a pair of small horns on your
                  | head. [demonic ancestry]
  1410 | D:1      | Reached XP level 3. HP: 10/24 MP: 1/6
  1610 | D:1      | Slain by an orc warrior

Illustrated notes

Levels and vault maps discovered:
D:1:      arrival_aquarium_a, layout_basic, dk_noncrumbling_3, minmay_tripent
D:2:      layout_rooms, kennysheep_slug_shrine, serial_bayou_pond_d, uniq_robin,
          uniq_natasha, uniq_terence, uniq_crazy_yiuf_cottage

Skill      XL: |  1  2 |
---------------+-------+-----
Necromancy     | 5 |  5.9
Dodging        | |  1.7
Stealth        | |  1.7
Spellcasting   | |  2.0

Action                   || total
-------------------------++-------
Melee: Whip              ||    31
 Cast: Pain              ||    34
  Use: Potion            ||     1
Armor: Robe              ||    12
Dodge: Dodged            ||    35

Table legend: (Time is in decaauts)
 A = Elapsed time spent in this place.
 B = Non-inter-level travel time spent in this place.
 C = Inter-level travel time spent in this place.
 D = Time resting spent in this place.
 E = Time spent auto-exploring this place.
 F = Levels seen in this place.
 G = Mean time per level.
                   A        B        C        D        E       F      G
               +--------+--------+--------+--------+--------+-----+--------+
         Total |   1620 |   1583 |     37 |    468 |    939 |   2 |  810.0 |
       Dungeon |   1620 |   1583 |     37 |    468 |    939 |   2 |  810.0 |
               +--------+--------+--------+--------+--------+-----+--------+

Top non-repeatable levels by time:
     D:1: 1610 daAuts
     D:2: 9 daAuts
